 Dungeon Crawl Stone Soup version 0.28.0-53-g5a82cb258f (webtiles) character file.

Game seed: 10330775866342979014

54 Martska the Chiller (level 3, 0/26 HPs)
             Began as a Merfolk Ice Elementalist on June 23, 2022.
             Slain by an adder (4 damage)
             ... on level 2 of the Dungeon.
             The game lasted 00:03:18 (1767 turns).

Martska the Chiller (Merfolk Ice Elementalist)      Turns: 1767, Time: 00:03:19

Health: 0/26       AC:  3    Str: 10    XL:     3   Next: 91%
Magic:  3/6        EV: 13    Int: 14    God:
Gold:   45         SH:  0    Dex: 14    Spells: 5/6 levels left

rFire   . . .      SeeInvis +   j - +0 spear
rCold   . . .      Faith    .   (no shield)
rNeg    . . .      Spirit   .   a - +0 robe
rPois   .          Reflect  .   (no helmet)
rElec   .          Harm     .   (no cloak)
rCorr   .          Rampage  .   b - +0 pair of gloves
Will    .....                   (no boots)
Stlth   ++........              (no amulet)
HPRegen 0.08/turn               d - ring of see invisible
MPRegen 0.10/turn               (no ring)

@: no status effects
A: (nimble swimmer 2), mertail
a: no special abilities


You were on level 2 of the Dungeon.
You visited 1 branch of the dungeon, and saw 3 of its levels.

You collected 45 gold pieces.

Inventory:

Hand Weapons
 c - a +0 short sword
 j - a +0 spear (weapon)
Armour
 a - a +0 robe (worn)
 b - a +0 pair of gloves (worn)
Jewellery
 d - a ring of see invisible (left hand)
Scrolls
 g - a scroll of blinking {unknown}
 i - a scroll of amnesia {unknown}
 k - a scroll of silence {unknown}
Potions
 f - a potion of attraction {unknown}
 l - a potion of berserk rage {unknown}


   Skills:
 * Level 1.4 Fighting
 - Level 0.6 Short Blades
 * Level 1.1 Polearms
 + Level 0.1 Armour
 * Level 3.2 Dodging
 + Level 2.3 Stealth
 + Level 2.1 Spellcasting
 + Level 5.0 Ice Magic


You had 5 spell levels left.
You knew the following spells:

 Your Spells              Type           Power      Damage    Failure   Level
a - Freeze                Ice            60%        1d8       3%          1

Your spell library contained the following spells:

 Spells                   Type           Power      Damage    Failure   Level
 Frozen Ramparts          Ice            30%        1d5       9%          3
 Ozocubu's Armour         Ice            15%        N/A       9%          3
 Magic Dart               Conj           4%         1d3       24%         1
 Searing Ray              Conj           2%         2d4       34%         2
 Hailstorm                Conj/Ice       8%         3d4       63%         4
 Fulminant Prism          Conj/Hex       0%         3d6       93%         4


Dungeon Overview and Level Annotations

Branches:
Dungeon (3/15)

Altars:

Shops:
D:1 (


Innate Abilities, Weirdness & Mutations

((You are very nimble when in or above water. (Stealth+, EV+, Speed+++)))
Your lower body shifts to a powerful aquatic tail in water.


Message History

As you read the scroll labelled FECABU ENU LOO, it crumbles to dust.
Wisps of shadow whirl around you...
It was a scroll of summoning.
The adder misses you. The adder bites you but does no damage.
Your bat hits the adder but does no damage.
The adder bites your dart slug.
Your dart slug is poisoned.
The adder poisons your dart slug!
Your hobgoblin closely misses the adder.
Casting: Freeze (safe; 3% risk of failure)
Confirm with . or Enter, or press ? or * to list all spells.
Aiming: Freeze (safe; 3% risk of failure)
Press: ? - help, Shift-Dir - straight line, f - adder
Aim: an adder You freeze the adder.
The adder is heavily wounded.
The adder seems to slow down.
The adder bites your dart slug. The adder bites you but does no damage.
Your dart slug bites the adder.
Your hobgoblin hits the adder.
Casting: Freeze (safe; 3% risk of failure)
Confirm with . or Enter, or press ? or * to list all spells.
Aiming: Freeze (safe; 3% risk of failure)
Press: ? - help, Shift-Dir - straight line, f/p - adder
Aim: an adder (severely wounded, slow, ally target)
You freeze the adder.
You kill the adder!
The adder bites your dart slug.
Your dart slug dies!
Your dart slug's corpse dissolves into shadows!
Your hobgoblin barely misses the adder.
Your Polearms skill increases to level 1!
Casting: Freeze (safe; 3% risk of failure)
Confirm with . or Enter, or press ? or * to list all spells.
Aiming: Freeze (safe; 3% risk of failure)
Press: ? - help, Shift-Dir - straight line, f - adder
Aim: an adder (heavily wounded, ally target)
You freeze the adder.
The adder is almost dead.
The adder seems to slow down.
Your bat closely misses the adder.
Your bat barely misses the adder.
The adder bites you.
You die...

........#......#
..##.#.#<...#.#.# .
.#.........#...#.## ..
...).............# ##
..##...............# ..
..................####.#
#....!..#.......#.....
###....b..#.............
#.....)@S.#.............
.........g....##.##.......
#.#.#.....##..............
.. #.###..........#......
# ... ##.........##...#.
...# #.........###### ....
...........# ####
##...>......# #....#######


You could see an adder (slow, ally target), a friendly hobgoblin (summoned) and
a friendly bat (summoned).

Vanquished Creatures
  3 adders (D:2)
  A ball python (D:1)
  4 endoplasms (D:1)
  2 goblins
  2 hobgoblins (D:1)
  6 jackals (D:1)
  2 kobolds (D:1)
  A quokka (D:2)
  2 bats (D:1)
  2 rats (D:1)
25 creatures vanquished.

Notes
Turn   | Place    | Note
-------+----------+-------------------------------------------
     0 | D:1      | Martska the Merfolk Ice Elementalist began the quest for
                  | the Orb.
     0 | D:1      | Reached XP level 1. HP: 13/13 MP: 3/3
   329 | D:1      | Reached XP level 2. HP: 20/20 MP: 5/5
  1083 | D:1      | Found a faded altar of an unknown god.
  1251 | D:1      | Reached XP level 3. HP: 14/25 MP: 6/6
  1251 | D:1      | Found Loumaim's Weapon Emporium.
  1432 | D:2      | Reached skill level 1 in Fighting
  1457 | D:2      | Reached skill level 5 in Ice Magic
  1767 | D:2      | Reached skill level 1 in Polearms
  1767 | D:2      | Slain by an adder

Illustrated notes

Levels and vault maps discovered:
D:1:      giann_horns, layout_basic, serial_shops,
          nicolae_shop_bloodbath_and_beyond,
          shapermc_ecumenical_altar_notcrosses
D:2:      layout_rooms, basic_altar, uniq_sigmund, uniq_robin
D:3:      cheibrodos_old_hovel, layout_loops_ring, grunt_qazlal_clouds,
          lemuel_zombie_altar_yredelemnul,
          nicolae_concentric_dashed_squares_wild, hangedman_decor_riveting,
          uniq_jessica

Skill      XL: |  1  2  3 |
---------------+----------+-----
Fighting       | 1 |  1.4
Dodging        | 3 |  3.2
Ice Magic      | 5 |  5.0
Polearms       | 1 |  1.1
Short Blades   | |  0.6
Armour         | |  0.1
Stealth        | |  2.3
Spellcasting   | |  2.1

Action                   || total
-------------------------++-------
Melee: Short sword       ||    53
       Unarmed           ||     1
       Spear             ||    16
       Punch             ||     1
 Cast: Freeze            ||    22
  Use: Scroll            ||     1
       Potion            ||     1
 Stab: Sleeping          ||     3
Armor: Robe              ||    26
Dodge: Dodged            ||    75
